 Dungeon Crawl Stone Soup version 0.26.1-11-gd32895ea62 (webtiles) character file.

Game seed: 16291414369429366349

158 Almogavar the Conjurer (level 5, -4/52 HPs)
             Began as a Human Conjurer on May 26, 2021.
             Was a Believer of Sif Muna.
             Slain by an adder (5 damage)
             ... in a sewer.
             The game lasted 00:09:50 (2908 turns).

Almogavar the Conjurer (Human Conjurer)             Turns: 2908, Time: 00:09:50

Health: -4/52      AC:  2    Str:  7    XL:     5   Next: 67%
Magic:  4/8        EV: 12    Int: 19    God:    Sif Muna [**....]
Gold:   72         SH:  0    Dex: 12    Spells: 3/9 levels left

rFire    . . .     SeeInvis .   d - +0 dagger
rCold    . . .     Faith    +   (no shield)
rNeg     . . .     Spirit   .   a - +0 robe
rPois    .         Reflect  .   (no helmet)
rElec    .         Harm     .   (no cloak)
rCorr    .         Rampage  .   (no gloves)
Will     .....                  (no boots)
Stlth    ..........             c - amulet of faith
HPRegen  0.17/turn              (no ring)
MPRegen  0.11/turn              (no ring)

@: berserking, lethally poisoned (-4 -> -12), slow
A: no striking features
a: Renounce Religion, Channel Magic


You were in a sewer.
You worshipped Sif Muna.
Sif Muna was pleased with you.
You visited 1 branch of the dungeon, and saw 3 of its levels.
You also visited: Sewer.

You collected 72 gold pieces.

Inventory:

Hand Weapons
 d - a +0 dagger (weapon)
Armour
 a - a +0 robe (worn)
Jewellery
 c - an amulet of faith (around neck)
Scrolls
 e - a scroll of teleportation
 f - a scroll of remove curse
 h - 3 scrolls of fog
Potions
 b - a potion of magic {unknown}
 g - 3 potions of berserk rage
 i - a potion of might {unknown}
 j - a potion of curing {unknown}
 k - 3 potions of heal wounds {unknown}


   Skills:
 + Level 0.2 Fighting
 + Level 2.4 Dodging
 + Level 3.0 Stealth
 + Level 2.6 Spellcasting
 + Level 5.5 Conjurations


You had 3 spell levels left.
You knew the following spells:

 Your Spells              Type           Power        Failure   Level
a - Magic Dart            Conj           92%          1%          1
b - Searing Ray           Conj           46%          2%          2
c - Dazzling Flash        Conj/Hex       26%          16%         3

Your spell library contained the following spells:

 Spells                   Type           Power        Failure   Level
 Freeze                   Ice            8%           16%         1
 Frozen Ramparts          Ice            4%           43%         3
 Ozocubu's Armour         Ice            2%           43%         3
 Fulminant Prism          Conj/Hex       6%           45%         4
 Hailstorm                Conj/Ice       13%          45%         4
 Iskenderun's Mystic Bla  Conj/Tloc      13%          45%         4
 Summon Ice Beast         Ice/Summ       2%           85%         4


Dungeon Overview and Level Annotations

Branches:
Dungeon (3/15)              Sewer (1/1)

Altars:
Cheibriados
Sif Muna


Message History

The adder bites you.
* * * LOW HITPOINT WARNING * * *
You are more poisoned.
The adder poisons you!
The ball python bites you but does no damage.
The ball python constricts you. The adder bites you.
* * * LOW HITPOINT WARNING * * *
You are more poisoned.
The adder poisons you!
The ball python hisses angrily.
You hit the adder.
The adder is almost dead.
* * * LOW HITPOINT WARNING * * *
You feel sick. The adder bites you.
* * * LOW HITPOINT WARNING * * *
Something loses its grip on you. The adder closely misses you.
Your unstable footing causes you to fumble your attack.
* * * LOW HITPOINT WARNING * * *
You feel sick. The adder bites you.
You die...

#...##### #....'..#
#....#..# ##...####
#....###################
#......≈≈≈≈≈≈≈≈≈≈≈≈≈≈≈.S
##....≈≈≈≈≈≈≈≈≈≈≈≈≈≈≈≈≈.
#....≈≈≈≈≈≈SSS≈≈≈≈≈S≈..
#.....≈≈≈≈≈@#≈≈≈≈F≈≈≈.S
##....≈≈≈≈≈#SFS†#≈≈≈≈≈S
###..≈≈≈≈≈≈F≈≈≈≈≈≈≈≈#
###################


You could see 2 bullfrogs, 3 adders and 2 ball pythons.

Vanquished Creatures
  3 adders
  7 river rats (Sewer)
  An ufetubus (D:2)
  An ooze (Sewer)
  A leopard gecko (D:3)
  2 giant cockroaches (D:1)
  9 hobgoblins
  8 ball pythons
  2 bats
  6 frilled lizards
  3 goblins (D:1)
  5 kobolds
  27 rats
75 creatures vanquished.

Notes
Turn   | Place    | Note
-------+----------+-------------------------------------------
     0 | D:1      | Almogavar the Human Conjurer began the quest for the Orb.
     0 | D:1      | Reached XP level 1. HP: 13/13 MP: 3/3
   165 | D:1      | Reached XP level 2. HP: 14/19 MP: 1/5
   452 | D:1      | Learned a level 2 spell: Searing Ray
   801 | D:1      | Reached XP level 3. HP: 24/24 MP: 0/6
  1178 | D:2      | Found a snail-covered altar of Cheibriados.
  1250 | D:2      | Found a shimmering blue altar of Sif Muna.
  1256 | D:2      | Became a worshipper of Sif Muna the Loreminder
  1392 | D:2      | Learned a level 3 spell: Dazzling Flash
  1902 | D:3      | Found a glowing drain.
  1913 | D:3      | Reached XP level 4. HP: 30/30 MP: 2/7
  1974 | Sewer    | Entered a sewer
  2044 | Sewer    | Reached skill level 5 in Conjurations
  2290 | Sewer    | Reached * piety under Sif Muna
  2387 | Sewer    | Reached XP level 5. HP: 35/35 MP: 4/8
  2785 | Sewer    | Reached ** piety under Sif Muna
  2902 | Sewer    | Noticed a bullfrog
  2904 | Sewer    | Noticed a bullfrog
  2907 | Sewer    | HP: 1/52 [adder (2)]
  2908 | Sewer    | Slain by an adder

Illustrated notes

Levels and vault maps discovered:
D:1:      amcnicky_arrival_single_pillar, layout_rooms
D:2:      layout_loops_ring, lemuel_round_altar, led_sif_pool,
          hangedman_decor_push
D:3:      layout_loops_ring, good_gods_temple_1,
          nicolae_ru_sacrificial_ziggurat, lemuel_round_altar,
          dancing_weapons_uskayaw, cheibrodos_sewer_entry_sluice, uniq_jessica,
          uniq_natasha, uniq_ijyb
Sewer:    sewer_minmay_w

Skill      XL: |  1  2  3  4  5 |
---------------+----------------+-----
Conjurations   | 5 |  5.5
Stealth        | 3 |  3.0
Fighting       | |  0.2
Dodging        | |  2.4
Spellcasting   | |  2.6

Action                   |  1- 3 |  4- 6 || total
-------------------------+-------+-------++-------
Melee: Unarmed           |    11 |       ||    11
       Dagger            |    14 |     6 ||    20
 Cast: Magic Dart        |    54 |    32 ||    86
       Searing Ray       |     5 |    12 ||    17
  Use: Scroll            |     7 |       ||     7
       Potion            |       |     1 ||     1
Armor: Robe              |     4 |     4 ||     8
Dodge: Dodged            |    21 |    23 ||    44
